 Dungeon Crawl Stone Soup version 0.16-a0-3992-g631dd12 (console) character file.

37 MarvinPA the Bolt Thrower (level 3, 0/31 HPs)
             Began as a Naga Arcane Marksman on Feb 11, 2015.
             Slain by a goblin
             ... wielding a +0 club
             ... led by Robin
              (4 damage)
             ... on level 2 of the Dungeon on Feb 12, 2015.
             The game lasted 00:05:00 (1279 turns).

MarvinPA the Bolt Thrower (Naga Arcane Marksman)    Turns: 1279, Time: 00:05:01

Health: 0/31       AC:  2    Str: 14    XL:     3   Next: 39%
Magic:  4/4        EV:  9    Int: 13    God:
Gold:   33         SH:  0    Dex: 10    Spells: 2 memorised, 1 level left

rFire  . . .     SeeInvis +     a - +2 dagger (freeze)
rCold  . . .     Clarity  .     j - +0 robe
rNeg   . . .     SustAb   .     (no shield)
rPois  +         Gourm    .     (no helmet)
rElec  .         Spirit   .     (no cloak)
rCorr  .         Warding  .     (no gloves)
rMut   .         Stasis   .     (no barding)
MR     .....                    (no amulet)
Stlth  +.........               (no ring)
                                (no ring)

@: very slow, not resistant to hostile enchantments, very unstealthy
A: spit poison, see invisible, deformed body, poison resistance, slowness 2, AC
+1
a: Spit Poison


You were on level 2 of the Dungeon.
You were not hungry.

You visited 1 branch of the dungeon, and saw 2 of its levels.

You collected 33 gold pieces.


Innate Abilities, Weirdness & Mutations

You cannot wear boots.
You can spit poison.
Your serpentine skin is tough (AC +1).
You have supernaturally acute eyesight.
Armour fits poorly on your strangely shaped body.
Your system is resistant to poisons.
You cover ground very slowly.


   Skills:
 - Level 1.0 Fighting
 + Level 3.3 Crossbows
 - Level 1.5 Dodging
 - Level 1.0 Spellcasting
 - Level 3.0 Hexes


You had one spell level left.
You knew the following spells:

 Your Spells              Type           Power        Failure   Level  Hunger
z - Slow                  Hex            #.......     14%         2    ###....
Z - Corona                Hex            #......      10%         1    ##.....

Inventory:

Hand weapons
 a - a +2 dagger of freezing (weapon)
 b - a +0 hand crossbow
Missiles
 c - 19 bolts
Armour
 j - a +0 robe (worn)
Scrolls
 g - 4 scrolls of identify {unknown}
 i - a scroll of teleportation {unknown}
Potions
 e - a potion of might {unknown}
Books
 d - a book of Debilitation
Comestibles
 f - a bread ration
 h - a chunk of flesh

Dungeon Overview and Level Annotations

Branches:
Dungeon (2/15)

Altars:

Annotations:
D:2 Robin

..## ..# ....
#g# ....
#†####....
#g....# #.g...#
###g....#
#.gg....#
#..N....#
#..g..(##
#.......#
#######.##..###
#..............
#.............
#.............
#..............
#...............


You could see Robin, a hobgoblin and 5 goblins.


Message History

The hobgoblin is severely wounded.
The goblin moves out of view.
The hobgoblin hits you.
Use which ability? (? or * to list)
Aim: a hobgoblin (severely wounded)
The splash of poison hits the hobgoblin.
The hobgoblin is poisoned.
You kill the hobgoblin!
You feel slightly more hungry.
Unknown command.
You hit the goblin but do no damage. 2 goblins come into view.
The goblin shouts! x2
The hobgoblin hits you with a club. The goblin barely misses you.
The hobgoblin hits you with a club.
A goblin and Robin come into view.
You see here a hobgoblin corpse.
The goblin barely misses you. The goblin hits you with a club.
You have got your breath back.
The hobgoblin hits you with a club.
* * * LOW HITPOINT WARNING * * *
The goblin hits you with a club.
* * * LOW HITPOINT WARNING * * *
Robin throws the goblin at you! The goblin hits you.
* * * LOW HITPOINT WARNING * * *
There is an escape hatch in the ceiling here.
The hobgoblin hits you with a club.
* * * LOW HITPOINT WARNING * * *
The goblin hits you with a club.
You die...

Action                   || total
-------------------------++-------
Melee: Unarmed           ||    23
       Dagger            ||    23
 Fire: Hand crossbow     ||     8
 Abil: Spit Poison       ||    17
  Eat: Chunk             ||     2

Vault maps used:
D:1:      mrwooster_arrival_statue_2, solitary_fountain
D:2:      uniq_robin

Notes
Turn   | Place    | Note
--------------------------------------------------------------
     0 | D:1      | MarvinPA, the Naga Arcane Marksman, began the quest for the Orb.
     0 | D:1      | Reached XP level 1. HP: 18/18 MP: 2/2
    69 | D:1      | Reached skill level 2 in Crossbows
   240 | D:1      | Upgraded the game from 0.16-a0-3976-g683f154 to 0.16-a0-3992-g631dd12
   253 | D:1      | Reached XP level 2. HP: 2/25 MP: 3/3
  1043 | D:1      | Reached skill level 3 in Crossbows
  1254 | D:2      | Reached XP level 3. HP: 28/31 MP: 4/4
  1259 | D:2      | Learned a level 2 spell: Slow
  1274 | D:2      | Noticed Robin
  1279 | D:2      | Slain by a goblin

Vanquished Creatures
  An adder (D:2)
  A ball python (D:1)
  5 goblins
  7 hobgoblins
  3 bats (D:1)
  4 giant newts
  2 kobolds (D:1)
  4 rats (D:1)
27 creatures vanquished.
